[Event "Early-Titled-Tuesday-Blitz-March-19-2024"]
[Site "Chess.com"]
[Date "2024.03.19"]
[Round "7"]
[White "vasblesk"]
[Black "Likvidator228"]
[Result "1-0"]
[WhiteElo "2785"]
[BlackElo "2585"]
[TimeControl "180+1"]
[EndTime "9:16:59 PDT"]
[Termination "vasblesk won by resignation"]

1. d4 d5 2. c4 e6 3. Nf3 c6 4. g3 dxc4 5. Bg2 b5 6. Ne5 Bb7 7.
O-O Nf6 8. a4 a6 9. b3 cxb3 10.
Qxb3 b4 11. a5 Nbd7 12. Nd3 Ra7 13. Nxb4 c5 14. Nc6 Bxc6 15. Bxc6 cxd4 16. Qb6 Qc7 17. Bf4 Bd6 18. Bxd7+ Nxd7 19. Qxd6 Qxd6 20. Bxd6 f6 21. Nd2 e5 22. f4 Rb7 23. fxe5 fxe5 24. Ne4 Rb2 25.
Rac1 1-0

[Event "Early-Titled-Tuesday-Blitz-March-19-2024"]
[Site "Chess.com"]
[Date "2024.03.19"]
[Round "7"]
[White "cthulhuuu"]
[Black "IMRosen"]
[Result "1-0"]
[WhiteElo "2405"]
[BlackElo "2650"]
[TimeControl "180+1"]
[EndTime "9:17:03 PDT"]
[Termination "cthulhuuu won on time"]

1. e4 c5 2. Nf3 Nc6 3. g3 e5 4. Bg2 g6 5. O-O Bg7 6. d3 Nge7 7. Nc3 O-O 8. Nd2 d6 9. Nc4 f5 10. Nb5 Rf6 11. Bg5 Re6 12. exf5 gxf5 13. Bd5 h6 14. Bh4 Kh7 15. Bxe6 Bxe6 16. Nbxd6 Qd7 17. c3 Ng6 18. Qh5 Rb8 19. a4 a6 20. a5 Bf8 21. Bg5 Qg7 22. Be3 Rd8 23. Nxf5 Bxf5 24. Qxf5 Ne7 25. Qe4 Kh8 26.
Bxc5 Rc8 27. b4 Re8 28. Qxb7 1-0

[Event "Early-Titled-Tuesday-Blitz-March-19-2024"]
[Site "Chess.com"]
[Date "2024.03.19"]
[Round "7"]
[White "vladislavkovalev"]
[Black "shimastream"]
[Result "0-1"]
[WhiteElo "2860"]
[BlackElo "3011"]
[TimeControl "180+1"]
[EndTime "9:17:06 PDT"]
[Termination "shimastream won on time"]

1. e4 b6 2. d4 Bb7 3. Bd3 e6 4. Nf3 c5 5. O-O cxd4 6. Nxd4 d6 7. Re1 Nd7 8. c4 a6 9. Nc3 g5 10. Qh5 Qf6 11. Nf5 h6 12. Nd5 exd5 13. exd5+ Ne5 14. f4 gxf4 15. Bxf4 O-O-O 16. Nxd6+ Bxd6 17. Bxe5 Bxe5 18. Rxe5 Qf4 19. Re4 Qg5 20. Qxf7 Nf6 21. Re7 Rd7 22. Rxd7 Nxd7 23. Bf5 Qe3+ 24. Kh1 Rd8 25. Rf1 Qe2 26. Bh3 Qxc4 0-1

[Event "Early-Titled-Tuesday-Blitz-March-19-2024"]
[Site "Chess.com"]
[Date "2024.03.19"]
[Round "7"]
[White "Eliwood44"]
[Black "JonaszBaum"]
[Result "0-1"]
[WhiteElo "2533"]
[BlackElo "2737"]
[TimeControl "180+1"]
[EndTime "9:17:07 PDT"]
[Termination "JonaszBaum won by resignation"]

1. d4 e6 2. c4 b6 3. e4 Bb7 4. Bd3 Nc6 5. Ne2 Nb4 6. O-O g6 7. Nbc3 Nxd3 8. Qxd3 Bg7 9. f4 Ne7 10. Ng3 f5 11. d5 O-O 12. e5 d6 13. exd6 Qxd6 14. Nb5 Qd7 15. d6 Rfd8 16. Rd1 cxd6 17. Qxd6 Qc6 18. Qxd8+ Rxd8 19. Rxd8+ Bf8 20. Kf2 Qxg2+ 21.
Ke1 Qg1+ 22. Kd2 Qxh2+ 23. Ne2 Bf3 24. Nd4 Bxe2 25. Nxe2 Nc6 26. Rd3 Bh6 27. Kd1 Qh1+ 28. Kc2 Nb4+ 29. Kc3 Nxd3 30. Kxd3 Qf3+ 31. Be3 e5 32.
Rh1 Qxh1 0-1

[Event "Early-Titled-Tuesday-Blitz-March-19-2024"]
[Site "Chess.com"]
[Date "2024.03.19"]
[Round "7"]
[White "Yeritsyaan"]
[Black "Eagle_2019"]
[Result "0-1"]
[WhiteElo "2651"]
[BlackElo "2858"]
[TimeControl "180+1"]
[EndTime "9:17:08 PDT"]
[Termination "Eagle_2019 won by resignation"]

1. e4 c6 2. Nc3 d5 3. d4 dxe4 4.
Nxe4 Nf6 5. Nxf6+ exf6 6. c3 Bd6 7. Bd3 O-O 8. Qc2 Re8+ 9. Ne2 h5 10. O-O h4 11.
Nf4 Qc7 12. g3 Nd7 13. Qd1 Nf8 14. Qh5 Bd7 15. Bd2 Bxf4 16. Bxf4 Qc8 17. Rfe1 Rxe1+ 18. Rxe1 Bg4 19. Qxh4 Ng6 20. Bxg6 fxg6 21. Re7 Qf5 22. h3 Bf3 23. Bd2 g5 24. g4 Qb1+ 25. Re1 Qxe1+ 26.
Bxe1 gxh4 0-1

[Event "Early-Titled-Tuesday-Blitz-March-19-2024"]
[Site "Chess.com"]
[Date "2024.03.19"]
[Round "7"]
[White "emeli_chess"]
[Black "RantomOpening"]
[Result "0-1"]
[WhiteElo "2426"]
[BlackElo "2605"]
[TimeControl "180+1"]
[EndTime "9:17:12 PDT"]
[Termination "RantomOpening won by resignation"]

1. d4 g6 2. c4 Bg7 3. Nc3 d6 4. e4 Nf6 5. f3 O-O 6. Be3 e5 7. d5 a5 8. Qd2 Nbd7 9. Bd3 Nc5 10. Bc2 Nh5 11. O-O-O Nf4 12. g3 Nh3 13. Nxh3 Bxh3 14.
g4 f5 15. gxf5 gxf5 16. exf5 Bxf5 17. Bxf5 Rxf5 18. Bxc5 dxc5 19. Ne4 Qh4 20. Rhg1 Kh8 21. Rg4 Qh5 22. Qg2 Bh6+ 23. Kb1 b6 24. Rg1 Qf7 25.
a3 Rf8 26. Rh4 Be3 27. Rf1 Rxf3 28. Rxf3 Qxf3 29. Qg6 Qf1+ 30. Ka2 Qxc4+ 0-1

[Event "Early-Titled-Tuesday-Blitz-March-19-2024"]
[Site "Chess.com"]
[Date "2024.03.19"]
[Round "7"]
[White "cristiano78"]
[Black "IsaqueGoncalvesSanto"]
[Result "1-0"]
[WhiteElo "2240"]
[BlackElo "1874"]
[TimeControl "180+1"]
[EndTime "9:17:14 PDT"]
[Termination "cristiano78 won by checkmate"]

1. d4 d5 2. c4 c6 3. Nf3 dxc4 4. a4 Bf5 5. Nc3 Nf6 6. e3 e6 7. Bxc4 Bb4 8. O-O O-O 9. Bd2 Nbd7 10. Qe2 a6 11. e4 Bg4 12. e5 Nd5 13. Nxd5 Bxd2 14. Nf6+ Nxf6 15. exf6 Bh6 16. fxg7 Bxg7 17. Rad1 b5 18.
axb5 cxb5 19. Bd3 Rc8 20. h3 Bh5 21. g4 Bg6 22. Bxg6 hxg6 23. Ne5 Qd5 24. Qe3 Rc2 25.
Ra1 Rxb2 26. Rxa6 Rb3 27. Qf4 Rxh3 28. f3 Bxe5 29. dxe5 Rd8 30. Kg2 Rh7 31. Rfa1 Qd2+ 32. Qxd2 Rxd2+ 33. Kg3 b4 34. Ra8+ Kg7 35. Rb8 Rhh2 36.
Raa8 Kh6 37. Rh8+ Kg5 38. f4# 1-0

[Event "Early-Titled-Tuesday-Blitz-March-19-2024"]
[Site "Chess.com"]
[Date "2024.03.19"]
[Round "7"]
[White "Dyadya81"]
[Black "SmirnovAlexandrA"]
[Result "1-0"]
[WhiteElo "2956"]
[BlackElo "2644"]
[TimeControl "180+1"]
[EndTime "9:17:16 PDT"]
[Termination "Dyadya81 won by resignation"]

1. e4 d5 2. exd5 Qxd5 3. Nc3 Qd6 4. d4 Nf6 5. Nf3 a6 6. Ne5 Nc6 7. Nxc6 Qxc6 8. d5 Qd6 9. Be2 e6 10. Bf3 exd5 11. O-O Be6 12. Bg5 Be7 13. Bxf6 Bxf6 14. Nxd5 Bxd5 15. Bxd5 O-O-O 16. Qg4+ Qd7 17. Qxd7+ Rxd7 18.
Be4 Rhd8 19. Bf5 Kb8 20. Bxd7 Rxd7 21. Rad1 Kc8 22. Rxd7 Kxd7 23. c3 c5 24. Rd1+ Kc6 25. Kf1 b5 26. Ke2 a5 27. f4 a4 28. g4 h6 29. Ke3 a3 30. bxa3 Bxc3 31. Rd8 Bb2 32.
Rc8+ Kd5 33. Rc7 Bxa3 34. Rxf7 Bb2 35. Kd3 c4+ 36. Kc2 Bd4 37. Rf5+ Kc6 38. h4 b4 39.
h5 Bc3 40. g5 hxg5 41. fxg5 Bd4 42. h6 gxh6 43. gxh6 Kd6 44. h7 Ke7 45. Rg5 1-0

[Event "Early-Titled-Tuesday-Blitz-March-19-2024"]
[Site "Chess.com"]
[Date "2024.03.19"]
[Round "7"]
[White "GMAneta"]
[Black "valeriocarnicelli"]
[Result "0-1"]
[WhiteElo "2647"]
[BlackElo "2548"]
[TimeControl "180+1"]
[EndTime "9:17:16 PDT"]
[Termination "valeriocarnicelli won by resignation"]

1. d4 Nf6 2. Nf3 c5 3. d5 e6 4. c4 exd5 5. cxd5 d6 6. Nc3 g6 7. Nd2 Bg7 8. Nc4 O-O 9. Bf4 Ne8 10. e3 a6 11. a4 b6 12. Be2 Qc7 13. Ne4 Qe7 14.
Nexd6 Nxd6 15. Bxd6 Qd8 16. Bxf8 Bxf8 17. O-O Nd7 18.
Bf3 Ra7 19. e4 Bg7 20. d6 Bd4 21. Re1 Rb7 22. e5 Rb8 23. e6 fxe6 24. Rxe6 Nf8 25. Re7 b5 26. Bd5+ Kh8 27. axb5 axb5 28. Qf3 Bf5 29. g4 bxc4 30. gxf5 Qxd6 31. Raa7 Rxb2 32. Qh3 Rb1+ 33. Kg2 Qxd5+ 34. Kg3 Rb3+ 0-1

[Event "Early-Titled-Tuesday-Blitz-March-19-2024"]
[Site "Chess.com"]
[Date "2024.03.19"]
[Round "7"]
[White "AsselLesbekova"]
[Black "secrethawk1"]
[Result "0-1"]
[WhiteElo "2297"]
[BlackElo "2426"]
[TimeControl "180+1"]
[EndTime "9:17:18 PDT"]
[Termination "secrethawk1 won by resignation"]

1. e4 c5 2. Nf3 e6 3. g3 Nc6 4. Bg2 d6 5. c3 e5 6. d3 Nf6 7. Nbd2 Be7 8. Qc2 Rb8 9. a4 a6 10. O-O b5 11. axb5 axb5 12. Nh4 O-O 13. f4 b4 14. f5 d5 15. exd5 Nxd5 16. Ndf3 Bf6 17. c4 b3 18. Qf2 Ndb4 19. Qxc5 Qxd3 20. Ne1 Qd4+ 21. Be3 Qxc5 22. Bxc5 Rd8 23. Rf3 e4 24. Rxb3 Bd4+ 25. Bxd4 Nxd4 26. Rc3 Ne2+ 27. Kf2 Nxc3 28. bxc3 Nc2 29. Nxc2 Rd2+ 30. Ke3 Rxc2 31. Bxe4 Rxc3+ 32. Kd4 Rcb3 33. Ng2 Bb7 34. Bxb7 R3xb7 35. Ne3 Rd8+ 36.
Nd5 Rb2 37. h4 Rg2 38. Ra3 Kf8 39. Rd3 Rc2 40. Kc5 Rc8+ 41. Kd6 R2xc4 42. Nb6 Rd8+ 43. Ke5 0-1

[Event "Early-Titled-Tuesday-Blitz-March-19-2024"]
[Site "Chess.com"]
[Date "2024.03.19"]
[Round "7"]
[White "talaicito"]
[Black "ajeale2"]
[Result "1-0"]
[WhiteElo "2301"]
[BlackElo "2443"]
[TimeControl "180+1"]
[EndTime "9:17:21 PDT"]
[Termination "talaicito won by resignation"]

1. d4 d5 2. Nc3 e6 3. Bf4 Nf6 4. e3 a6 5. Nf3 c5 6. dxc5 Bxc5 7. Bd3 Nc6 8. O-O O-O 9. e4 dxe4 10. Nxe4 Be7 11. c3 Qa5 12. Qe2 Bd7 13. a3 Qb6 14. Rad1 Rad8 15. Nfg5 h6 16. Nxf6+ Bxf6 17. Nh7 Be7 18. Nxf8 Bxf8 19. Bb1 g6 20. Rd2 Bc8 21. Rfd1 Re8 22. Qe3 Bc5 23. Qg3 Kh7 24. h4 Ne7 25. b4 e5 26. Bxe5 Nf5 27. Bxf5 Bxf5 28. bxc5 1-0

[Event "Early-Titled-Tuesday-Blitz-March-19-2024"]
[Site "Chess.com"]
[Date "2024.03.19"]
[Round "7"]
[White "HajiyevKanan"]
[Black "lamomiajunior"]
[Result "0-1"]
[WhiteElo "2533"]
[BlackElo "2734"]
[TimeControl "180+1"]
[EndTime "9:17:26 PDT"]
[Termination "lamomiajunior won by resignation"]

1. d4 Nf6 2. Nf3 d5 3. c4 e6 4. cxd5 exd5 5. Nc3 c6 6. Qc2 Be7 7. Bf4 g6 8. e3 Bf5 9. Bd3 Bxd3 10. Qxd3 Nbd7 11.
Bh6 Ng4 12. Bf4 O-O 13. h3 Ngf6 14. O-O Re8 15. Rab1 Nb6 16. Ne5 Bd6 17. Qc2 Nh5 18. Bh2 f6 19. Nf3 Ng7 20. Bxd6 Qxd6 21. Na4 Nxa4 22. Qxa4 Nf5 23. b4 a6 24. Qa5 Qd7 25. Qb6 Nd6 26. Nd2 Kg7 27. a4 g5 28. Rfe1 h5 29. Nb3 Nc4 30. Nc5 Nxb6 31. Nxd7 Nxd7 32. b5 cxb5 33. axb5 a5 34. Rec1 Rec8 35. Re1 f5 36.
h4 g4 37. Kh2 Nb6 38. Kg3 a4 39. Kf4 Kf6 40. f3 a3 41. Ra1 a2 42. Re2 Re8 43.
Rexa2 Rxa2 44. Rxa2 Nc4 45. Re2 b6 46. Re1 Ra8 47.
e4 dxe4 48. fxe4 fxe4 49. Rxe4 Rd8 50. g3 Rd5 51. Re6+ Kxe6 52. Ke4 Nd6+ 0-1

[Event "Early-Titled-Tuesday-Blitz-March-19-2024"]
[Site "Chess.com"]
[Date "2024.03.19"]
[Round "7"]
[White "Jumbo"]
[Black "RandomNoob04"]
[Result "1-0"]
[WhiteElo "2890"]
[BlackElo "2665"]
[TimeControl "180+1"]
[EndTime "9:17:29 PDT"]
[Termination "Jumbo won by checkmate"]

1. d4 Nf6 2. Nf3 c5 3. d5 b5 4. c4 Bb7 5. g3 e6 6. dxe6 fxe6 7. cxb5 d5 8. Bh3 Qb6 9. O-O Be7 10. a4 Nbd7 11. Bf4 h6 12. a5 Qxb5 13. Bxe6 Qc6 14. Bf5 g5 15. Be5 d4 16. a6 Nxe5 17. axb7 Nxf3+ 18.
exf3 Qxb7 19. Be6 Qc6 20. Re1 Kf8 21. Na3 Kg7 22. Nc4 Rhe8 23. Qd3 Bf8 24. Ne5 Qxe6 25.
Qg6+ Kh8 26. Nf7+ Qxf7 27. Qxf7 Bg7 28. Rxe8+ Rxe8 29. Rxa7 d3 30. Qxg7# 1-0

[Event "Early-Titled-Tuesday-Blitz-March-19-2024"]
[Site "Chess.com"]
[Date "2024.03.19"]
[Round "7"]
[White "maciek_92"]
[Black "GodzillaChessYoutube"]
[Result "1-0"]
[WhiteElo "2891"]
[BlackElo "2665"]
[TimeControl "180+1"]
[EndTime "9:17:31 PDT"]
[Termination "maciek_92 won on time"]

1. c4 e5 2. Nc3 Bb4 3. Qb3 Nc6 4. Nf3 Nf6 5. a3 Bxc3 6. Qxc3 Qe7 7. b4 d5 8. cxd5 Nxd5 9. Qb2 a6 10. e3 O-O 11. d3 f5 12. Be2 e4 13. dxe4 fxe4 14.
Nd2 Qg5 15. Bc4 Be6 16. O-O Rae8 17. Nxe4 Qg6 18. Ng3 h5 19. f4 Qh7 20. f5 Bf7 21.
e4 Nb6 22. Bxf7+ Rxf7 23. h4 Nc4 24. Qc2 b5 25. Bf4 Nd4 26. Qf2 Rd7 27. Rad1 Red8 28.
Bg5 Ne5 29. Bxd8 Ng4 30. Qb2 1-0

[Event "Early-Titled-Tuesday-Blitz-March-19-2024"]
[Site "Chess.com"]
[Date "2024.03.19"]
[Round "7"]
[White "KVAIDAN"]
[Black "balack95"]
[Result "0-1"]
[WhiteElo "2322"]
[BlackElo "2473"]
[TimeControl "180+1"]
[EndTime "9:17:31 PDT"]
[Termination "balack95 won by resignation"]

1. f4 g6 2. Nf3 Bg7 3. e4 Nh6 4.
Be2 d5 5. e5 Bg4 6. O-O Nf5 7.
d4 O-O 8. c3 c5 9. h3 Bxf3 10.
Bxf3 cxd4 11. cxd4 Nc6 12. Nc3 e6 13. Ne2 Qb6 14. g4 Nfxd4 15. Be3 Nxf3+ 16. Rxf3 Qxb2 17. Rb1 Qxa2 18. Rxb7 Rab8 19. Rc7 Rb1 20. Bc1 Qa6 21. Qc2 Rxc1+ 22. Nxc1 Qb6+ 23. Qf2 Qxc7 24. Nd3 Qb6 25.
Nc5 Rc8 26. Rb3 Nb4 27. Nd7 Qxf2+ 28. Kxf2 a5 29. f5 gxf5 30. gxf5 Rc7 31. fxe6 fxe6 32.
Nf6+ Bxf6 33. exf6 Kf7 34. Ra3 Rc5 35. Rf3 a4 36.
Rf4 Nd3+ 0-1

[Event "Early-Titled-Tuesday-Blitz-March-19-2024"]
[Site "Chess.com"]
[Date "2024.03.19"]
[Round "7"]
[White "ajedrezsinlimites"]
[Black "Alen_Yeremyann"]
[Result "0-1"]
[WhiteElo "2607"]
[BlackElo "2821"]
[TimeControl "180+1"]
[EndTime "9:17:32 PDT"]
[Termination "Alen_Yeremyann won by resignation"]

1. e4 c5 2. Nf3 Nc6 3. d4 cxd4 4. Nxd4 Nf6 5. Nc3 e5 6. Ndb5 d6 7. Bg5 a6 8. Na3 b5 9. Nd5 Be7 10. Bxf6 Bxf6 11. c3 Bg5 12. Nc2 O-O 13. a4 bxa4 14.
Rxa4 a5 15. Bc4 Be6 16. O-O Kh8 17. Nce3 Bxe3 18. Nxe3 Qd7 19. Bb5 Qc7 20. Nd5 Bxd5 21. Qxd5 Ne7 22. Qa2 Rab8 23. Bc4 f5 24. exf5 Nxf5 25.
Bd3 Qb6 26. b4 axb4 27. Rxb4 Qd8 28. Rxb8 Qxb8 29. Qe6 Rf6 30. Qd7 Qf8 31. Be4 Ne3 32. Re1 Rxf2 33. h3 Rf1+ 34. Rxf1 Qxf1+ 35. Kh2 g6 36. Qe8+ Kg7 37. Qe7+ Qf7 38. Qxf7+ Kxf7 39. Kg1 Ke6 40. Bc6 d5 41. Ba4 e4 42. Kf2 Nc4 43. Be8 Ke5 44. g3 Na3 45. Ke2 Nb1 46. Bf7 Nxc3+ 47.
Kd2 d4 48. Bg8 h6 49. Bh7 g5 50. h4 gxh4 51. gxh4 Kf4 52. h5 Kf3 53. Ke1 d3 54. Kd2 Nb1+ 55. Kc1 d2+ 56. Kxb1 d1=Q+ 0-1

[Event "Early-Titled-Tuesday-Blitz-March-19-2024"]
[Site "Chess.com"]
[Date "2024.03.19"]
[Round "7"]
[White "Let_it_be_1"]
[Black "ChempionBg"]
[Result "1-0"]
[WhiteElo "2604"]
[BlackElo "2363"]
[TimeControl "180+1"]
[EndTime "9:17:33 PDT"]
[Termination "Let_it_be_1 won by resignation"]

1. e4 c5 2. Nf3 d6 3. d4 cxd4 4. Nxd4 Nf6 5. Nc3 a6 6. Be2 e6 7. O-O Be7 8. f4 O-O 9. a4 Nc6 10. Be3 Qc7 11. Kh1 Re8 12. Qd2 Na5 13. Qd3 Rb8 14.
Rad1 b6 15. Bf3 Bb7 16. Bc1 Qc4 17. Qe3 Bf8 18. e5 dxe5 19. fxe5 Nd5 20. Nxd5 exd5 21. e6 fxe6 22. b3 Qc8 23. Bg4 Kh8 24. Nxe6 Qxc2 25.
Qd4 Nxb3 26. Rxf8+ 1-0

[Event "Early-Titled-Tuesday-Blitz-March-19-2024"]
[Site "Chess.com"]
[Date "2024.03.19"]
[Round "7"]
[White "JimDiGrease"]
[Black "UK_23"]
[Result "1-0"]
[WhiteElo "2980"]
[BlackElo "2401"]
[TimeControl "180+1"]
[EndTime "9:17:39 PDT"]
[Termination "JimDiGrease won by resignation"]

1. d4 d5 2. c4 e6 3. Nf3 Nf6 4. Qc2 Be7 5. cxd5 exd5 6. Bf4 c6 7. e3 g6 8. Bd3 Nbd7 9. h3 Nf8 10.
Nc3 Ne6 11. Be5 Ng7 12. g4 O-O 13. O-O-O Qa5 14. Kb1 b5 15. Rc1 Bd7 16. Ne2 b4 17. Nd2 Rfc8 18. Nb3 Qd8 19. Nc5 Be8 20. Ba6 Qb6 21.
Bxc8 Rxc8 22. Nf4 a5 23. Nfd3 Ra8 24. Qa4 Ne4 25. Nxe4 dxe4 26. Nc5 f6 27. Bg3 Bf7 28. Nd7 Qa6 29. Qxc6 Qd3+ 30. Ka1 Rd8 31. Rhd1 Qe2 32. Nxf6+ Bxf6 33. Qxf6 Rf8 34. Be5 1-0

[Event "Early-Titled-Tuesday-Blitz-March-19-2024"]
[Site "Chess.com"]
[Date "2024.03.19"]
[Round "7"]
[White "bazar-wokzal"]
[Black "AndresDelgado77"]
[Result "1-0"]
[WhiteElo "2567"]
[BlackElo "2329"]
[TimeControl "180+1"]
[EndTime "9:17:40 PDT"]
[Termination "bazar-wokzal won on time"]

1. e4 e6 2. d4 d5 3. e5 c5 4. c3 Qb6 5. Nf3 Nc6 6. Be2 cxd4 7. cxd4 Nh6 8. Bxh6 Qxb2 9. Nbd2 gxh6 10. O-O Nxd4 11. Nxd4 Qxd4 12. Bb5+ Bd7 13. Bxd7+ Kxd7 14. Qb3 b6 15.
Nf3 Qb4 16. Qd3 Bc5 17. Rfc1 Qb2 18. Rab1 Qxf2+ 19. Kh1 Rag8 20. Rc2 Qe3 21. Qa6 b5 22. Qxb5+ Ke7 23. Rxc5 Rb8 24. Rc7+ 1-0

[Event "Early-Titled-Tuesday-Blitz-March-19-2024"]
[Site "Chess.com"]
[Date "2024.03.19"]
[Round "7"]
[White "Boorchess"]
[Black "Pumpkin_in_moonlight"]
[Result "1/2-1/2"]
[WhiteElo "2544"]
[BlackElo "2238"]
[TimeControl "180+1"]
[EndTime "9:17:42 PDT"]
[Termination "Game drawn by repetition"]

1. d4 Nf6 2. c4 g6 3. f3 Bg7 4. e4 d6 5. Be3 O-O 6. Ne2 e5 7. Qd2 Nbd7 8. Na3 exd4 9. Nxd4 Nc5 10. Be2 a5 11. Nb3 Nxb3 12. axb3 b6 13. Nb5 Bb7 14. O-O Nd7 15. Bh6 Bxh6 16. Qxh6 Nc5 17. Qe3 Re8 18.
Qc3 f5 19. Bd3 Nxd3 20. Qxd3 fxe4 21. fxe4 Bxe4 22. Qg3 Qe7 23. Rae1 Qg7 24. h4 Bf5 25. Rxe8+ Rxe8 26. Nxc7 Re4 27. Nd5 Rg4 28. Qxd6 Qd4+ 29. Rf2 Qd1+ 30. Rf1 Qd4+ 31. Rf2 Qd1+ 32. Rf1 Qd4+ 1/2-1/2

[Event "Early-Titled-Tuesday-Blitz-March-19-2024"]
[Site "Chess.com"]
[Date "2024.03.19"]
[Round "7"]
[White "KorolDimitriy75"]
[Black "Kildepiotr"]
[Result "0-1"]
[WhiteElo "2403"]
[BlackElo "2688"]
[TimeControl "180+1"]
[EndTime "9:17:46 PDT"]
[Termination "Kildepiotr won on time"]

1. d4 c5 2. d5 e5 3. c4 d6 4. Nc3 Be7 5. e4 Bg5 6. Nge2 Bxc1 7. Rxc1 Ne7 8. g3 O-O 9. Bg2 Nd7 10. O-O f5 11. f4 a6 12. Qd2 Qe8 13. Rce1 Qh5 14. b3 Qh6 15. exf5 Nxf5 16. Ne4 b5 17. Qd3 bxc4 18.
bxc4 exf4 19. Nxf4 Ne5 20. Qc3 Nd4 21. Nxc5 Ng4 22. h3 dxc5 23. hxg4 Bxg4 24. Qd2 Rae8 25.
Re3 Nf5 26. Rxe8 Rxe8 27. Ne6 Qxd2 0-1

[Event "Early-Titled-Tuesday-Blitz-March-19-2024"]
[Site "Chess.com"]
[Date "2024.03.19"]
[Round "7"]
[White "ketster"]
[Black "GMAkobianSTL"]
[Result "0-1"]
[WhiteElo "2567"]
[BlackElo "2809"]
[TimeControl "180+1"]
[EndTime "9:17:47 PDT"]
[Termination "GMAkobianSTL won by checkmate"]

1. d4 e6 2. c4 f5 3. Nc3 Nf6 4.
Qc2 Bb4 5. e3 O-O 6. Bd3 b6 7.
Ne2 Bb7 8. f3 d6 9. O-O Bxc3 10.
Nxc3 Nbd7 11. b3 Qe7 12. Bb2 a6 13. Rae1 Rae8 14. d5 Nc5 15. e4 fxe4 16. fxe4 e5 17. b4 Nxd3 18. Qxd3 Bc8 19. Bc1 h6 20. a4 Rf7 21. a5 bxa5 22. bxa5 Ref8 23. h3 Nh5 24. Rxf7 Qxf7 25. Rf1 Nf4 26. Bxf4 exf4 27. Ne2 g5 28. Nd4 Re8 29. Qf3 Qf6 30. Nc6 Kg7 31. c5 Bd7 32. cxd6 cxd6 33. Rc1 Qb2 34. Rc4 Qa1+ 35. Kh2 Qe1 36.
Qd3 h5 37. Qd4+ Kg6 38. Rb4 g4 39. hxg4 hxg4 40. e5 g3# 0-1

[Event "Early-Titled-Tuesday-Blitz-March-19-2024"]
[Site "Chess.com"]
[Date "2024.03.19"]
[Round "7"]
[White "Fjal"]
[Black "AA95"]
[Result "0-1"]
[WhiteElo "2320"]
[BlackElo "2470"]
[TimeControl "180+1"]
[EndTime "9:17:47 PDT"]
[Termination "AA95 won by resignation"]

1. Nf3 Nf6 2. g3 g6 3. Bg2 Bg7 4. O-O O-O 5. d3 d5 6. Nbd2 Nc6 7. e4 Bg4 8. h3 Be6 9. Qe2 dxe4 10. dxe4 Nb4 11.
Nc4 Qd7 12. Rd1 Qb5 13. Bf1 Bxc4 14. Qxc4 Qxc4 15. Bxc4 Nxe4 16. c3 Nc6 17. Bd5 Nf6 18.
Bxc6 bxc6 19. Bf4 Nd5 20. Bd2 a5 21. c4 Nb6 22. b3 Bxa1 23. Rxa1 a4 24. Re1 axb3 25.
axb3 e6 26. Ne5 Rfd8 27. Bc3 Ra3 28. Rb1 c5 29. Kf1 f6 30. Ng4 f5 31. Nf6+ Kf7 32.
Nxh7 Rd3 33. Ng5+ Ke7 34. Be5 Rdxb3 35. Rxb3 Rxb3 36. Bxc7 Nxc4 37. h4 e5 38. Ke2 Kd7 0-1

[Event "Early-Titled-Tuesday-Blitz-March-19-2024"]
[Site "Chess.com"]
[Date "2024.03.19"]
[Round "7"]
[White "yonaltimur"]
[Black "Golubovsky"]
[Result "1-0"]
[WhiteElo "2362"]
[BlackElo "2499"]
[TimeControl "180+1"]
[EndTime "9:17:49 PDT"]
[Termination "yonaltimur won on time"]

1. e4 c5 2. Nf3 Nf6 3. e5 Nd5 4.
c3 Nc6 5. d4 cxd4 6. cxd4 d6 7.
Bc4 dxe5 8. Nxe5 Nxe5 9. dxe5 e6 10. Nc3 Nxc3 11. Qxd8+ Kxd8 12. bxc3 b6 13. Bg5+ Kc7 14. O-O Bb7 15. a4 Bc5 16. a5 h6 17. Be3 Rhd8 18. Bxc5 bxc5 19. Rfd1 Bd5 20. Bxd5 exd5 21. f4 Rab8 22. Rdb1 Kc6 23. Kf2 Rb5 24. Rxb5 Kxb5 25. Rb1+ Ka6 26. Ke2 Rd7 27. Ra1 g5 28. g3 gxf4 29.
gxf4 Rb7 30. Ra2 Rb3 31. Rd2 Rxc3 32. Rxd5 Kxa5 33. Rd7 Kb6 34. Rxf7 a5 35. e6 Kc6 36.
f5 Rc4 37. Ke3 a4 38. e7 Kd7 39. f6 Rc1 40. Rf8 Re1+ 41. Kd2 1-0

[Event "Early-Titled-Tuesday-Blitz-March-19-2024"]
[Site "Chess.com"]
[Date "2024.03.19"]
[Round "7"]
[White "KhazhatulyAlikhan"]
[Black "vladgoncharov"]
[Result "1-0"]
[WhiteElo "2477"]
[BlackElo "2603"]
[TimeControl "180+1"]
[EndTime "9:17:51 PDT"]
[Termination "KhazhatulyAlikhan won by resignation"]

1. e4 e6 2. d4 d5 3. Nd2 c5 4. exd5 Qxd5 5. Ngf3 cxd4 6. Bc4 Qd8 7. O-O Nc6 8. Nb3 Nf6 9. Nbxd4 Nxd4 10. Nxd4 Qc7 11. Bb3 Bd7 12. Qf3 Bc6 13. Nxc6 Qxc6 14. Qxc6+ bxc6 15.
Bf4 Nd5 16. Bg3 Bc5 17. c3 Rc8 18. Rad1 Ke7 19. Rfe1 Rhd8 20. Kf1 Nb6 21. Bh4+ Ke8 22. Bxd8 Rxd8 23. Rxd8+ Kxd8 24. Ke2 Ke7 25. Rd1 h6 26. f3 a5 27. a4 g5 28. g3 f5 29. Kd3 Kd6 30.
Re1 Nd5 31. Bxd5 Kxd5 32. Rb1 e5 33. b4 e4+ 34. fxe4+ fxe4+ 35. Ke2 Bb6 36. Rd1+ Ke5 37. Rd7 1-0

[Event "Early-Titled-Tuesday-Blitz-March-19-2024"]
[Site "Chess.com"]
[Date "2024.03.19"]
[Round "7"]
[White "Yushko_Olga"]
[Black "chess123456s"]
[Result "0-1"]
[WhiteElo "2234"]
[BlackElo "2548"]
[TimeControl "180+1"]
[EndTime "9:17:51 PDT"]
[Termination "chess123456s won by resignation"]

1. d4 Nf6 2. c4 e6 3. Nc3 Bb4 4. Bd2 O-O 5. Nf3 b6 6. a3 Bxc3 7. Bxc3 Bb7 8. e3 d6 9. Bd3 Ne4 10. O-O Nd7 11. Rc1 f5 12. b4 Ndf6 13. Bb2 a5 14. Qc2 Qe8 15. c5 Bd5 16. cxd6 cxd6 17. Qc7 Qh5 18. Qxb6 Ng4 19. Be2 Ng5 20. h3 Nxh3+ 21.
gxh3 Qxh3 22. Qxd6 Bxf3 23. Bxf3 Qxf3 24. Qxe6+ Kh8 25.
Qc6 Qh3 26. Qg2 Qh5 27. Rc7 axb4 28. axb4 Ra6 29. Rfc1 h6 30. d5 Rg6 31. Rxg7 Rxg7 32.
f3 Nf6 33. Qxg7+ Kxg7 34. Kf2 Qh2+ 0-1

[Event "Early-Titled-Tuesday-Blitz-March-19-2024"]
[Site "Chess.com"]
[Date "2024.03.19"]
[Round "7"]
[White "vugarrasulov"]
[Black "Andrei_Skvortsov"]
[Result "1-0"]
[WhiteElo "2976"]
[BlackElo "2739"]
[TimeControl "180+1"]
[EndTime "9:17:55 PDT"]
[Termination "vugarrasulov won by resignation"]

1. a3 e5 2. e4 Nf6 3. Nc3 d5 4. exd5 Nxd5 5. Nf3 Nxc3 6. bxc3 Bd6 7. d3 O-O 8. Be2 h6 9. O-O Qf6 10. Nd2 Qe6 11.
Ne4 Be7 12. c4 Nc6 13. Bb2 Nd4 14. Re1 Qb6 15. Rb1 Qa5 16. Bc3 Qa6 17. Bb4 Bxb4 18. axb4 Nxe2+ 19. Qxe2 Qg6 20. b5 a6 21. Nc3 f6 22.
Nd5 Qf7 23. b6 cxb6 24. Nxb6 Rb8 25. c5 Bf5 26. Qf3 Qg6 27. Nd5 Rf7 28. Ne3 Be6 29.
Rb6 Re7 30. h4 Qf7 31. Reb1 Rc8 32. Rxb7 Rxc5 33. c4 Rcc7 34. Rxc7 Rxc7 35. Qa8+ Kh7 36. Qxa6 Rd7 37. Rb6 Re7 38. Rd6 Qe8 39. c5 f5 40. Qc6 Qf7 41. Nd5 Bxd5 42. Qxd5 Qh5 43. Qf3 Qxf3 44. gxf3 g5 45. h5 Kg7 46. c6 Kf7 47.
Rxh6 g4 48. Rh7+ 1-0

[Event "Early-Titled-Tuesday-Blitz-March-19-2024"]
[Site "Chess.com"]
[Date "2024.03.19"]
[Round "7"]
[White "NovozhilovSemen"]
[Black "Preobrazhenska_D2011"]
[Result "1-0"]
[WhiteElo "2623"]
[BlackElo "2472"]
[TimeControl "180+1"]
[EndTime "9:17:58 PDT"]
[Termination "NovozhilovSemen won by resignation"]

1. d4 Nf6 2. Nf3 b6 3. e3 Bb7 4.
Bd3 e6 5. O-O Be7 6. b3 d5 7.
Bb2 O-O 8. Ne5 c5 9. Nd2 Nc6 10. f4 cxd4 11. exd4 Ne4 12. Nxe4 Nxe5 13. Nf6+ Bxf6 14.
fxe5 Bg5 15. Rf3 g6 16. Bc1 f5 17. exf6 Bxc1 18. Qxc1 Rxf6 19. Rh3 Qe7 20. Qe3 Raf8 21. Re1 Bc8 22. Rg3 Qg7 23. h4 Rf4 24. h5 Qxd4 25.
Qxd4 Rxd4 26. hxg6 hxg6 27. Rxg6+ Kf7 28. Rf1+ Ke8 29.
Bb5+ Bd7 30. Bxd7+ Kxd7 31. Rxf8 Ke7 32. Rf2 Rd1+ 33. Kh2 Kd6 34. Re2 Ra1 35. Rgxe6+ Kc5 36. a4 Kb4 37. g4 Rc1 38. g5 d4 39. g6 Rf1 40. g7 1-0